 Dungeon Crawl Stone Soup version 0.27.0-1-g7a089689b8 (console) character file.

Game seed: 17516639338073885550

139 asdu the Firebug (level 5, 35/35 HPs)
             Began as a Demonspawn Fire Elementalist on Aug 11, 2021.
             Was an Initiate of Vehumet.
             Quit the game on level 3 of the Dungeon.
             The game lasted 00:11:17 (2488 turns).

asdu the Firebug (Demonspawn Fire Elementalist)     Turns: 2488, Time: 00:11:18

Health: 35/35      AC:  4    Str:  8    XL:     5   Next: 1%
Magic:  6/9        EV: 12    Int: 17    God:    Vehumet [......]
Gold:   118        SH:  0    Dex: 14    Spells: 5/10 levels left

rFire    . . .     SeeInvis .   w - +0 trident
rCold    . . .     Faith    .   (no shield)
rNeg     . . .     Spirit   .   a - +0 robe
rPois    .         Reflect  .   (helmet restricted)
rElec    .         Harm     .   (no cloak)
rCorr    .         Rampage  .   (no gloves)
Will     .....                  (no boots)
Stlth    ++........             (no amulet)
HPRegen  0.11/turn              (no ring)
MPRegen  0.11/turn              (no ring)

@: no status effects
A: antennae 1, thin metallic scales 1, demonic guardian 1, powered by death 1
a: Renounce Religion


You were on level 3 of the Dungeon.
You worshipped Vehumet.
Vehumet was noncommittal.
You visited 1 branch of the dungeon, and saw 3 of its levels.

You collected 118 gold pieces.

Inventory:

Hand Weapons
 b - a +0 dagger
 w - a +0 trident (weapon)
Missiles
 c - 71 stones
Armour
 a - a +0 robe (worn)
Scrolls
 d - a scroll of enchant weapon {unknown}
 e - a scroll of noise {unknown}
 f - a scroll of blinking {unknown}
 g - 2 scrolls of identify {unknown}
 i - a scroll of enchant armour {unknown}
Potions
 h - a potion of might {unknown}
 j - a potion of magic {unknown}
 k - 2 potions of mutation {unknown}
 l - a potion of curing {unknown}


   Skills:
 - Level 1.7 Dodging
 - Level 1.7 Stealth
 - Level 3.0 Spellcasting
 * Level 3.0 Conjurations
 * Level 3.8 Fire Magic


You had 5 spell levels left.
You knew the following spells:

 Your Spells              Type           Power      Damage    Failure   Level
f - Sticky Flame          Conj/Fire      14%        2d4       38%         4
x - Foxfire               Conj/Fire      56%        2x1d6     4%          1

Your spell library contained the following spells:

 Spells                   Type           Power      Damage    Failure   Level
 Conjure Flame            Conj/Fire      14%        6-21      13%         3
 Inner Flame              Hex/Fire       9%         N/A       24%         3
 Corpse Rot               Necr/Air       N/A        N/A       26%         2
 Poisonous Vapours        Pois/Air       4%         N/A       26%         2
 Fireball                 Conj/Fire      7%         3d5       75%         5
 Freezing Cloud           Conj/Ice/Air   3%         6-21      97%         5


Dungeon Overview and Level Annotations

Branches:
Dungeon (3/15)

Altars:
Vehumet


Innate Abilities, Weirdness & Mutations

You have a pair of small antennae on your head.
You are partially covered in thin metallic scales. (AC +2)
A weak demonic guardian rushes to your aid.
You regenerate a little health from kills.


Message History

You kill the bat!
Vehumet accepts your kill.
Your Spellcasting skill increases to level 3!
Your foxfire dissipates!
c - 52 stones (gained 2);
k - 2 pink potions (gained 1)
There is an open door, spattered with blood here.
Items here: )) [ †.
You see here a bat corpse.
l - a murky orange potion This spell is potentially lethal to cast!
Memorise Sticky Flame, consuming 4 spell levels and leaving 4?
HP restored.
You start memorising the spell.
You continue memorising. x4
You finish memorising.
Spell assigned to 'a'.
Adjust (i)tems, (s)pells, or (a)bilities?
Adjust which spell? a - Sticky Flame Adjust to which letter? f - Sticky Flame
Casting: Foxfire (safe; 4% risk of failure)
Confirm with . or Enter, or press ? or * to list all spells.
Okay, then.
c - 71 stones (gained 19)
An adder comes into view.
The adder hisses angrily.
Casting: Foxfire (safe; 4% risk of failure)
Confirm with . or Enter, or press ? or * to list all spells.
You conjure some foxfire!
The foxfire hits the adder.
The adder is heavily wounded.
Casting: Foxfire (safe; 4% risk of failure)
Confirm with . or Enter, or press ? or * to list all spells.
You conjure some foxfire!
The foxfire hits the adder.
You kill the adder!
Vehumet accepts your kill.
Your Conjurations skill increases to level 3!
You have reached level 5!
Your demonic ancestry asserts itself...
You feel the presence of a demonic guardian.
Are you sure you want to abandon this character and quit the game? (Confirm with "yes".)

.# #######.##
## #..# #.#
##.# #.# #.#
#.# #.# ...
#.###.########
#.##..........
#.##..........
#..#v@........
##.#v.........
#.##.########
#######)##.#
#.....†....#
#..........#
#..........#
########...#
##..#


There were no monsters in sight!

Vanquished Creatures
  3 adders
  3 gnolls (D:2)
  3 worms (D:2)
  2 dart slugs (D:1)
  3 ball pythons (D:1)
  5 endoplasms
  3 giant cockroaches (D:1)
  6 goblins
  3 hobgoblins
  9 jackals
  7 kobolds
  4 quokkas (D:1)
  9 bats
  5 frilled lizards
  5 rats
70 creatures vanquished.

Vanquished Creatures (others)
  159 foxfires
159 creatures vanquished.

Grand Total: 229 creatures vanquished

Notes
Turn   | Place    | Note
-------+----------+-------------------------------------------
     0 | D:1      | asdu the Demonspawn Fire Elementalist began the quest for
                  | the Orb.
     0 | D:1      | Reached XP level 1. HP: 13/13 MP: 3/3
   322 | D:1      | Gained mutation: You have a pair of small antennae on your
                  | head. [demonic ancestry]
   322 | D:1      | Reached XP level 2. HP: 18/19 MP: 1/5
   833 | D:1      | Gained mutation: You are partially covered in thin metallic
                  | scales. (AC +2) [demonic ancestry]
   833 | D:1      | Reached XP level 3. HP: 24/24 MP: 4/6
  1575 | D:2      | Gained mutation: You regenerate a little health from kills.
                  | [demonic ancestry]
  1575 | D:2      | Reached XP level 4. HP: 30/30 MP: 5/8
  2352 | D:3      | Found a radiant altar of Vehumet.
  2370 | D:3      | Became a worshipper of Vehumet
  2468 | D:3      | Learned a level 4 spell: Sticky Flame
  2488 | D:3      | Gained mutation: A weak demonic guardian rushes to your
                  | aid. [demonic ancestry]
  2488 | D:3      | Reached XP level 5. HP: 35/35 MP: 6/9
  2488 | D:3      | Quit the game

Illustrated notes

Levels and vault maps discovered:
D:1:      saegor_arrival_simple_b, layout_loops_corners
D:2:      layout_rooms, chequers_serial_rivers_micro_b, st_stairs_6
D:3:      layout_basic, amcnicky_altar_gilded, mainiacjoe_overflow_paths,
          lemuel_old_faithful

Skill      XL: |  1  2  3  4 |
---------------+-------------+-----
Fire Magic     | 3 |  3.8
Conjurations   | 2 3 |  3.0
Spellcasting   | 3 |  3.0
Dodging        | |  1.7
Stealth        | |  1.7

Action                   |  1- 3 |  4- 6 || total
-------------------------+-------+-------++-------
Melee: Dagger            |    35 |       ||    35
       Trident           |       |    29 ||    29
 Cast: Foxfire           |    62 |    45 ||   107
 Stab: Sleeping          |     1 |     1 ||     2
Armor: Robe              |     8 |    11 ||    19
Dodge: Dodged            |    30 |    22 ||    52
